 Dungeon Crawl Stone Soup version 0.26-a0-651-gb41185065b (webtiles) character file.

Game seed: 8671107752050718695

1640 Flugslaktarn the Chopper (level 8, -9/78 HPs)
             Began as a Deep Dwarf Fighter on Oct 12, 2020.
             Killed from afar by Dowan (19 damage)
             ... with a shard of ice
             ... on level 6 of the Dungeon.
             The game lasted 00:02:11 (1965 turns).

Flugslaktarn the Chopper (Deep Dwarf Fighter)       Turns: 1965, Time: 00:02:11

Health: -9/78      AC: 10    Str: 17 (19) XL:     8   Next: 66%
Magic:  0/0        EV:  6    Int:  9 (10) God:
Gold:   212        SH: 10    Dex: 13 (14) Spells: 7/7 levels left

rFire    . . .     SeeInvis +   a - +1 war axe
rCold    . . .     Faith    .   c - +0 kite shield
rNeg     + . .     Spirit   .   p - +0 chain mail
rPois    .         Reflect  .   (no helmet)
rElec    .         Harm     .   (no cloak)
rCorr    .         Rampage  .   (no gloves)
MR       +....                  (no boots)
Stlth    ..........             (no amulet)
HPRegen  0.00/turn              b - ring of positive energy
MPRegen  0.07/turn              i - ring of see invisible

@: non-regenerating
A: damage resistance, heal wounds, sense surroundings 1, no regeneration
a: Heal Wounds


You were on level 6 of the Dungeon.
You visited 1 branch of the dungeon, and saw 6 of its levels.

You collected 212 gold pieces.

Inventory:

Hand Weapons
 a - a +1 war axe (weapon)
Armour
 c - a +0 kite shield (worn)
 p - a +0 chain mail (worn)
   (You took it off an orc on level 5 of the Dungeon)
Jewellery
 b - a ring of positive energy (left hand)
   (You found it on level 6 of the Dungeon)
 i - a ring of see invisible (right hand)
   (You found it on level 5 of the Dungeon)
Scrolls
 e - a scroll of enchant armour
 t - a scroll of teleportation
 x - a scroll of remove curse
Potions
 d - a potion of might


   Skills:
 * Level 6.4 Fighting
 * Level 7.3 Axes
 + Level 5.9 Armour
 + Level 2.0 Dodging
 - Level 5.3 Shields


You had 7 spell levels left.
You didn't know any spells.
Your spell library was empty.

Dungeon Overview and Level Annotations

Branches:
Dungeon (6/15)
 Temple: D:4-7

Altars:
Elyvilon
Fedhas
Kikubaaqudgha
Okawaru
Ru
Wu Jian

Annotations:
D:5 1 runed translucent door, p0werm0de's ghost, weakling OpDe
D:6 Dowan


Innate Abilities, Weirdness & Mutations

You are resistant to damage.
You can heal yourself by infusing magical energy.
You passively map a small area around you.
You do not regenerate.


Message History

You closely miss Dowan.
Dowan is moderately wounded.
Dowan points at you and mumbles some strange words.
The stone arrow hits you!
* * * LOW HITPOINT WARNING * * *
Dowan hits you but does no damage.
You completely miss Dowan.
Dowan is moderately wounded.
Dowan hits you but does no damage.
You don't have enough innate magic capacity.
You hit Dowan.
Dowan is heavily wounded.
Dowan mumbles some strange words.
Dowan blinks!
Dowan casts a spell at you. You block the shard of ice.
You don't have enough innate magic capacity.
Dowan gestures at you while chanting. The shard of ice hits you!!
You die...

.. #.. #..###* ,
, #...#. ,, .....
### *,. , * , ...
,#.####.. ,
#.###...... ,
#.@.....# , *, ,
##.)....# * * **
, ,, #e.....# *,
######.### ,
#.......## ,
..........##
...........#
...........#
>#........#######


You could see Dowan (fast).

Vanquished Creatures
  Grinder (D:3)
  Eustachio (D:4)
  Menkaure (D:5)
  Edmund (D:5)
  Duvessa (D:6)
  An ogre (D:4)
  Blork the orc (D:5)
  3 killer bees (D:6)
  A howler monkey (D:5)
  2 jellies
  2 quasits (D:6)
  A bullfrog zombie (D:6)
  A centaur skeleton (D:5)
  An orc priest (D:3)
  A bullfrog skeleton (D:6)
  3 iguanas (D:4)
  2 orc wizards (D:5)
  4 worker ants
  4 gnolls (D:3)
  5 adders
  An ooze (D:3)
  An adder zombie (D:5)
  2 adder skeletons (D:6)
  A worm (D:3)
  A dart slug (D:1)
  5 leopard geckos
  8 orcs
  3 bats
  4 giant cockroaches
  4 goblins
  3 hobgoblins
  7 kobolds
  A quokka (D:2)
  2 ball pythons
  3 rats
83 creatures vanquished.

Notes
Turn   | Place    | Note
-------+----------+-------------------------------------------
     0 | D:1      | Flugslaktarn the Deep Dwarf Fighter began the quest for the
                  | Orb.
     0 | D:1      | Reached XP level 1. HP: 20/20 MP: 1/1
    99 | D:1      | Reached XP level 2. HP: 21/27 MP: 2/2
   235 | D:2      | Reached XP level 3. HP: 31/34 MP: 2/2
   267 | D:2      | Reached skill level 3 in Axes
   306 | D:3      | Found an ancient bone altar of Kikubaaqudgha.
   310 | D:3      | Found an iron altar of Okawaru.
   310 | D:3      | Found an ornate altar of the Wu Jian Council.
   389 | D:3      | Reached XP level 4. HP: 33/42 MP: 3/3
   481 | D:3      | Noticed Grinder
   498 | D:3      | Paralysed by Grinder for 3 turns
   532 | D:3      | Reached XP level 5. HP: 35/50 MP: 2/2
   542 | D:3      | Paralysed by Grinder for 6 turns
   550 | D:3      | Paralysed by Grinder for 5 turns
   561 | D:3      | Paralysed by Grinder for 7 turns
   577 | D:3      | Killed Grinder
   577 | D:3      | Reached skill level 4 in Axes
   577 | D:3      | Reached XP level 6. HP: 21/58 MP: 2/2
   683 | D:5      | Entered Level 5 of the Dungeon
   716 | D:5      | Reached skill level 5 in Axes
   785 | D:5      | Noticed Blork the orc
   792 | D:5      | Killed Blork the orc
   792 | D:5      | Reached XP level 7. HP: 57/66 MP: 3/3
   897 | D:4      | Reached skill level 5 in Fighting
   910 | D:4      | Noticed Eustachio
   931 | D:4      | Killed Eustachio
   931 | D:4      | Reached skill level 5 in Armour
   931 | D:4      | Reached skill level 5 in Shields
  1005 | D:5      | Noticed Edmund
  1031 | D:5      | Killed Edmund
  1031 | D:5      | Reached skill level 6 in Axes
  1071 | D:5      | Reached XP level 8. HP: 37/75 MP: 4/4
  1089 | D:5      | Found a blossoming altar of Fedhas.
  1352 | D:5      | Noticed Menkaure
  1364 | D:5      | Killed Menkaure
  1443 | D:5      | Found a runed translucent door.
  1443 | D:5      | Noticed p0werm0de's ghost (weakling OpDe)
  1476 | D:5      | Found a white marble altar of Elyvilon.
  1716 | D:6      | Reached skill level 1 in Dodging
  1809 | D:6      | Reached skill level 7 in Axes
  1888 | D:6      | Found a sacrificial altar of Ru.
  1946 | D:6      | Noticed Dowan
  1947 | D:6      | Noticed Duvessa
  1960 | D:6      | Killed Duvessa
  1965 | D:6      | Killed from afar by Dowan

Illustrated notes

Levels and vault maps discovered:
D:1:      sevenhm_arrival_forest_fort_large_2, layout_basic, minmay_unequal
D:2:      layout_loops_cross, minmay_misc_feat_secret_circle,
          uniq_crazy_yiuf_cottage
D:3:      layout_basic, gammafunk_temple_overflow_statue,
          chequers_temple_overflow_statue_of_worship, minmay_ruptured,
          uniq_jessica, uniq_sigmund, uniq_robin, uniq_grinder
D:4:      layout_basic, serial_shops, shop_statue, shop, uniq_eustachio
D:5:      layout_basic, kennysheep_little_box, lemuel_doored_altar,
          hellmonk_ghost_happy_afterlife, uniq_blork_the_orc, uniq_menkaure,
          uniq_edmund
D:6:      layout_cave_pools, kennysheep_mini, temple_hall, uniq_duvessa

Skill      XL: |  1  2  3  4  5  6  7  8 |
---------------+-------------------------+-----
Fighting       | 3 4 5 6 |  6.4
Axes           | 3 4 5 6 7 |  7.3
Shields        | 4 5 |  5.3
Armour         | 4 5 |  5.9
Dodging        | 2 |  2.0

Action                   |  1- 3 |  4- 6 |  7- 9 || total
-------------------------+-------+-------+-------++-------
Melee: War axe           |   113 |   128 |   158 ||   399
       Unarmed           |       |       |     9 ||     9
 Abil: Heal Wounds       |     2 |     6 |    12 ||    20
  Use: Scroll            |       |       |     8 ||     8
       Potion            |       |       |     5 ||     5
 Stab: Confused          |       |       |     2 ||     2
       Invisible         |       |       |     6 ||     6
Armor: Scale mail        |    49 |    99 |    14 ||   162
       Chain mail        |       |       |    87 ||    87
       Skin              |       |       |    36 ||    36
Dodge: Dodged            |    30 |    48 |    63 ||   141
Block: Kite shield       |    53 |    83 |   146 ||   282

Table legend: (Time is in decaauts)
 A = Elapsed time spent in this place.
 B = Non-inter-level travel time spent in this place.
 C = Inter-level travel time spent in this place.
 D = Time resting spent in this place.
 E = Time spent auto-exploring this place.
 F = Levels seen in this place.
 G = Mean time per level.
                   A        B        C        D        E       F      G
               +--------+--------+--------+--------+--------+-----+--------+
         Total |   2100 |   1935 |    165 |     23 |   1075 |   6 |  350.0 |
       Dungeon |   2100 |   1935 |    165 |     23 |   1075 |   6 |  350.0 |
               +--------+--------+--------+--------+--------+-----+--------+

Top non-repeatable levels by time:
     D:5: 916 daAuts
     D:3: 332 daAuts
     D:6: 301 daAuts
     D:4: 207 daAuts
     D:1: 175 daAuts
     D:2: 167 daAuts
